 Dungeon Crawl Stone Soup version 0.17-a0-2215-g49c1de0 (webtiles) character file.

81 fredomojojo the Sneak (level 4, -1/30 HPs)
             Began as an Octopode Assassin on Oct 28, 2015.
             Slain by a jackal (3 damage)
             ... on level 3 of the Dungeon.
             The game lasted 00:36:32 (1727 turns).

fredomojojo the Sneak (Octopode Assassin)           Turns: 1727, Time: 00:36:32

Health: -1/30      AC:  1    Str: 10    XL:     4   Next: 40%
Magic:  4/4        EV: 12    Int: 13    God:
Gold:   124        SH:  0    Dex: 14    Spells: 0 memorised, 3 levels left

rFire  x . .     SeeInvis .     a - +2 dagger
rCold  + . .     Clarity  .     (no shield)
rNeg   . . .     SustAt   .     (helmet restricted)
rPois  .         Gourm    .     (no amulet)
rElec  .         Spirit   .     h - ring of ice
rCorr  .         Warding  .     u - ring of flight
rMut   .         Stasis   .     (no ring)
MR     .....                    (no ring)
Stlth  +++++.....               (no ring)
                                (no ring)
                                (no ring)
                                (no ring)

@: not resistant to hostile enchantments, quite stealthy
A: almost no armour, amphibious, 8 rings, constrict 8, camouflage 1, gelatinous
body 1
a: Evoke Flight


You were on level 3 of the Dungeon.
You were not hungry.

You visited 1 branch of the dungeon, and saw 3 of its levels.

You collected 124 gold pieces.

Inventory:

Hand Weapons
 a - a +2 dagger (weapon)
 b - a +0 blowgun
 g - a cursed +0 short sword
 s - a +0 short sword
 t - a +0 dagger of holy wrath
Missiles
 c - 8 poisoned needles
 d - 2 curare-tipped needles
 m - 30 stones (quivered)
Jewellery
 h - a ring of ice (left tentacle)
 u - a ring of flight (right tentacle)
Scrolls
 j - a scroll of remove curse {unknown}
 k - 2 scrolls of noise {unknown}
 o - a scroll of enchant armour {unknown}
 p - a scroll of teleportation {unknown}
 r - a scroll of identify {unknown}
Potions
 f - a potion of ambrosia {unknown}
 l - a potion of curing {unknown}
 q - 2 potions of agility {unknown}
Comestibles
 e - 2 bread rations
 i - a beef jerky
 n - a meat ration
 v - 4 chunks of flesh


   Skills:
 + Level 2.3 Fighting
 + Level 2.2 Short Blades
 + Level 2.2 Throwing
 + Level 1.1 Dodging
 + Level 7.3 Stealth


You had 3 spell levels left.
You didn't know any spells.

Dungeon Overview and Level Annotations

Branches:
Dungeon (3/15)

Altars:
Ashenzari
Gozag

Annotations:
D:3 Grinder


Innate Abilities, Weirdness & Mutations

You cannot wear most types of armour.
You are amphibious.
You can wear up to eight rings at the same time.
You can use your tentacles to constrict eight enemies at once.
Your skin changes colour to match your surroundings (Stealth).
Your rubbery body absorbs attacks (AC +1).


Message History

You constrict the jackal, but do no damage.
The jackal closely misses you.
Grinder gestures.
Grinder blinks!
You hit the jackal but do no damage. Your squeeze misses the jackal.
You constrict the jackal, but do no damage.
The jackal bites you. Grinder gestures at you.
You suddenly lose the ability to move!
You lose your grip on the jackal.
The jackal bites you. x4
The jackal barely misses you. The jackal bites you. x2
Grinder hits you!
* * * LOW HITPOINT WARNING * * *
You writhe in agony.
* * * LOW HITPOINT WARNING * * *
You can move again.
You barely miss Grinder. You grab Grinder. You constrict Grinder.
The jackal bites you.
You die...

...... .....# .
.....## .. ..
......# ... #.
......# ....#.
......#
....#.##h......
.......@5......
....####..........
...................
.....####..........
........#!.........
..................
..................
##..........###.
#..........#


You could see Grinder and a jackal.

Vanquished Creatures
  3 adders (D:2)
  2 worms (D:2)
  6 bats
  5 hobgoblins
  11 kobolds
  A ball python (D:1)
  3 giant cockroaches
  A giant newt (D:1)
  8 goblins
  3 jackals (D:3)
  9 rats
52 creatures vanquished.

Notes
Turn   | Place    | Note
--------------------------------------------------------------
     0 | D:1      | fredomojojo the Octopode Assassin began the quest for the Orb.
     0 | D:1      | Reached XP level 1. HP: 14/14 MP: 1/1
   165 | D:1      | Reached XP level 2. HP: 19/19 MP: 2/2
   357 | D:1      | Reached skill level 6 in Stealth
   575 | D:1      | Reached XP level 3. HP: 24/24 MP: 3/3
  1029 | D:2      | Reached XP level 4. HP: 30/30 MP: 4/4
  1155 | D:2      | Reached skill level 7 in Stealth
  1224 | D:2      | Found a shattered altar of Ashenzari.
  1434 | D:2      | Found an opulent altar of Gozag.
  1715 | D:3      | Noticed Grinder
  1721 | D:3      | Paralysed by Grinder for 5 turns
  1727 | D:3      | Slain by a jackal

Vault maps used:
D:1:      matt_arrival_diagonals, roderic_nine_men_s_morris
D:2:      nicolae_gozag_cash_rules_everything_around_me, lemuel_round_altar,
          first_bread
D:3:      lemuel_round_altar, uniq_grinder

Action                   |  1- 3 |  4- 6 || total
-------------------------+-------+-------++-------
Melee: Dagger            |    34 |    39 ||    73
 Fire: Blowgun           |    12 |     5 ||    17
  Use: Potion            |     1 |       ||     1
 Stab: Sleeping          |    16 |     6 ||    22
       Distracted        |     2 |       ||     2
  Eat: Chunk             |       |     2 ||     2
